 Dungeon Crawl Stone Soup version 0.16.0-17-g811c1d7 (webtiles) character file.

2408 xsansara the Cleaver (level 9, -3/75 HPs)
             Began as a Minotaur Berserker on Mar 20, 2015.
             Was a High Priest of Trog.
             Slain by a sky beast (5 damage)
             ... on level 7 of the Dungeon.
             The game lasted 00:29:34 (5870 turns).

xsansara the Cleaver (Minotaur Berserker)           Turns: 5870, Time: 00:29:34

Health: -3/75      AC:  6    Str: 23    XL:     9   Next: 23%
Magic:  4/4        EV: 13    Int:  7    God:    Trog [*****.]
Gold:   429        SH:  0    Dex:  9    Spells: 0 memorised, 8 levels left

rFire  . . .     SeeInvis .     a - +0 halberd (chop)
rCold  + . .     Clarity  +     O - +2 robe {rC+}
rNeg   . . .     SustAb   .     (no shield)
rPois  +         Gourm    .     L - +2 hat
rElec  .         Spirit   .     (no cloak)
rCorr  .         Warding  .     (no gloves)
rMut   .         Stasis   .     (no boots)
MR     .....                    B - amulet of clarity
Stlth  +.........               F - ring of poison resistance
                                j - +3 ring of slaying

@: not resistant to hostile enchantments, very unstealthy
A: retaliatory headbutt, horns 2
a: Burn Spellbooks, Berserk, Trog's Hand, Brothers in Arms, Renounce Religion


You were on level 7 of the Dungeon.
You worshipped Trog.
Trog was extremely pleased with you.
You were not hungry.

You visited 1 branch of the dungeon, and saw 7 of its levels.

You collected 429 gold pieces.

Inventory:

Hand weapons
 a - a +0 halberd of chopping (weapon)
 b - a +0 hunting sling
 h - a +0 hand axe
 C - a +0 war axe
 D - a +0 whip of holy wrath
 R - a +3 hand axe
 U - a +0 blowgun
Missiles
 f - 114 stones (quivered)
 g - 31 poisoned needles
 o - 55 sling bullets
 r - 51 arrows
 H - 24 bolts
 M - 2 silver tomahawks
 N - 12 sling bullets of flame
Armour
 i - a +0 ring mail
 p - a +0 animal skin
 G - a +0 plate armour
 L - a +2 hat (worn)
 O - a +2 robe of cold resistance (worn)
Jewellery
 j - a +3 ring of slaying (left hand)
 m - an uncursed ring of sustain abilities
 n - a +3 ring of dexterity
 B - an amulet of clarity (around neck)
 F - a ring of poison resistance (right hand)
Magical devices
 e - a wand of random effects (23)
 x - a wand of fire (15)
 I - a wand of slowing (11)
 J - a wand of enslavement (19)
 V - a wand of hasting (3)
Scrolls
 k - a scroll of blinking {unknown}
 q - 4 scrolls of teleportation
 t - a scroll of remove curse
 w - a scroll of recharging
 y - a scroll of fear {unknown}
 E - a scroll of enchant weapon {unknown}
 Q - a scroll of amnesia {unknown}
 S - a scroll of silence {unknown}
Potions
 d - 5 potions of curing
 l - 3 potions of resistance
 s - 2 potions of flight {unknown}
 u - a potion of heal wounds {unknown}
 v - a potion of agility {unknown}
 A - 3 potions of restore abilities {unknown}
 T - a potion of invisibility {unknown}
Books
 P - a book of Maledictions

   Spells                             Type                      Level
   a - Corona                         Hexes                        1
   b - Sure Blade                     Hexes/Charms                 2
   c - Ensorcelled Hibernation        Hexes/Ice                    2
   d - Confuse                        Hexes                        3
   e - Dazzling Spray                 Conjuration/Hexes            3
   f - Enslavement                    Hexes                        4
   Trog disapproves of the use of such an item.
Comestibles
 c - 4 bread rations
 z - 3 meat rations
 K - 2 beef jerkies


   Skills:
 + Level 6.3 Fighting
 - Level 10.5(10.8) Axes
 + Level 3.1(7.5) Polearms
 + Level 4.2 Slings
 + Level 5.9 Armour
 + Level 5.2 Dodging


You had 8 spell levels left.
You didn't know any spells.

Dungeon Overview and Level Annotations

Branches:
Dungeon (7/15)             Temple (0/1) D:5

Altars:
Cheibriados
Dithmenos
Gozag
Qazlal
Ru
Trog
The Shining One


Innate Abilities, Weirdness & Mutations

You reflexively headbutt those who attack you in melee.
You have a pair of horns on your head.


Message History

* * * LOW HITPOINT WARNING * * *
Something hits you but does no damage.
The phantom blinks!
You hit the orc.
You kill the orc!
Trog accepts your kill.
Something hits you but does no damage. x2
The phantom hits you!
* * * LOW HITPOINT WARNING * * *
Items here: $ ) = † a spear; a scratched brass ring; 13 gold pieces; an orc corpse You puncture the phantom!!
The phantom is severely damaged.
The phantom blinks!
Something hits you but does no damage. Something barely misses you.
The phantom blinks!
Items here: $ ) = † a spear; a scratched brass ring; 13 gold pieces; an orc corpse You barely miss something.
You headbutt something. Something hits you.
* * * LOW HITPOINT WARNING * * *
Something shocks you.
You die...

##......... ...
####.........#.......
...#.........#..W.....
#...........##........
#.......#.##.......#
#.......###.......##
#..)..†....(#......#
#...<..)[...{..§...##
##.....)))..@.......# .
...........##.........#..#
#. ..........###.........#
.... #.........#
#.........# #....
#.........# #...........
#..... .........#
#........... ......#
........# #..........
#....... .......#
#......|.. #... #.#
###.... ##..


You could see a phantom.

Vanquished Creatures
  Grinder (D:5)
  A water moccasin (D:4)
  An orc warrior (D:6)
  2 phantoms (D:5)
  A centaur (D:7)
  Sigmund (D:2)
  Blork the orc (D:5)
  3 giant frogs
  4 scorpions
  5 killer bees (D:7)
  3 orc priests
  2 hounds (D:6)
  An iguana (D:4)
  8 orc wizards
  6 worker ants
  Jessica (D:2)
  A hound zombie (D:5)
  16 gnolls
  2 worker ant zombies (D:6)
  8 adders
  2 adder skeletons (D:6)
  3 giant geckos
  24 orcs
  10 bats
  6 giant cockroaches
  8 goblins
  16 hobgoblins
  8 kobolds
  A quokka (D:4)
  8 giant newts
  14 jackals
  A jackal skeleton (D:5)
  A jackal zombie (D:5)
  12 rats
182 creatures vanquished.

Notes
Turn   | Place    | Note
--------------------------------------------------------------
     0 | D:1      | xsansara, the Minotaur Berserker, began the quest for the Orb.
     0 | D:1      | Reached XP level 1. HP: 19/19 MP: 1/1
    70 | D:1      | Reached skill level 4 in Axes
    76 | D:1      | Reached XP level 2. HP: 18/26 MP: 1/1
   573 | D:1      | Reached skill level 5 in Axes
   785 | D:1      | Acquired Trog's second power
   785 | D:1      | Reached XP level 3. HP: 31/31 MP: 2/2
  1381 | D:2      | Noticed Sigmund
  1390 | D:2      | Killed Sigmund
  1390 | D:2      | Reached skill level 6 in Axes
  1390 | D:2      | Reached XP level 4. HP: 39/39 MP: 2/2
  1668 | D:2      | Noticed Jessica
  1671 | D:2      | Killed Jessica
  1671 | D:2      | Reached skill level 7 in Axes
  1671 | D:2      | Reached XP level 5. HP: 45/45 MP: 2/2
  2693 | D:3      | Reached skill level 8 in Axes
  2760 | D:3      | Found an opulent altar of Gozag.
  2836 | D:4      | Reached XP level 6. HP: 51/51 MP: 3/3
  2894 | D:4      | Noticed a water moccasin
  2904 | D:4      | Killed a water moccasin
  2904 | D:4      | Reached skill level 9 in Axes
  3512 | D:4      | Reached XP level 7. HP: 57/57 MP: 3/3
  3628 | D:5      | Entered Level 5 of the Dungeon
  3677 | D:5      | Found a glowing golden altar of the Shining One.
  4070 | D:5      | Noticed Blork the orc
  4079 | D:5      | Killed Blork the orc
  4079 | D:5      | Reached skill level 10 in Axes
  4079 | D:5      | Reached skill level 1 in Slings
  4147 | D:5      | Acquired Trog's third power
  4218 | D:5      | Found a staircase to the Ecumenical Temple.
  4408 | D:5      | Found a snail-covered altar of Cheibriados.
  4411 | D:5      | Found a sacrificial altar of Ru.
  4416 | D:5      | Found a bloodstained altar of Trog.
  4416 | D:5      | Found a stormy altar of Qazlal.
  4417 | D:5      | Found a shadowy altar of Dithmenos.
  4422 | D:5      | Found a glowing golden altar of the Shining One.
  4461 | D:5      | Noticed Grinder
  4479 | D:5      | Killed Grinder
  4479 | D:5      | Reached XP level 8. HP: 53/67 MP: 3/3
  4721 | D:6      | Received a gift from Trog
  4721 | D:6      | Reached skill level 5 in Fighting
  5243 | D:6      | Reached skill level 1 in Polearms
  5243 | D:6      | Reached skill level 5 in Armour
  5657 | D:7      | Reached XP level 9. HP: 40/75 MP: 4/4
  5660 | D:7      | Reached skill level 5 in Dodging
  5858 | D:7      | Received a gift from Trog
  5866 | D:7      | HP: 3/75 [phantom (8)]
  5870 | D:7      | Slain by a sky beast

Action                   |  1- 3 |  4- 6 |  7- 9 || total
-------------------------+-------+-------+-------++-------
Melee: Hand axe          |    39 |    71 |    51 ||   161
       War axe           |       |       |    49 ||    49
       Halberd           |       |       |    45 ||    45
 Fire: Hunting sling     |       |    67 |    90 ||   157
Throw: Stone             |    55 |    31 |     4 ||    90
Invok: Berserk           |     2 |     2 |     3 ||     7
       Trog's Hand       |     1 |     1 |       ||     2
  Use: Scroll            |     1 |     4 |     2 ||     7
  Eat: Chunk             |     2 |     9 |    10 ||    21
       Pizza             |       |       |     1 ||     1
